Map: [ESL] Goldenaura

Players

goblin

  • Race: Protoss Protoss
  • Spawn Location: 12:00

MaNa - Winner!

  • Race: Protoss Protoss
  • Spawn Location: 5:00

Event: ESL SC2 Masters 2023 Winter (Regional)

VOD

Have the link to the VOD?

Description

Time

  • Played on: Nov. 5, 2023, 9:39 a.m.
  • Length: 10:19

All games in this series

Show
View Real Time Build Order
Export as new Build Order

goblin Protoss 

Build Orders: Phoenix Opening, Archon Immortal 

Get SALT Encoding   

  12  0:00  Probe  
  13  0:12  Probe  
  14  0:18  Pylon  
  14  0:24  Probe (Chrono Boost)  
  15  0:36  Gateway, Probe (Chrono Boost)  
  16  0:44  Probe (Chrono Boost)  
  16  0:46  Assimilator  
  17  0:51  Probe  
  17  0:55  Assimilator  
  18  1:03  Probe (Chrono Boost)  
  19  1:13  Probe (Chrono Boost)  
  20  1:19  Gateway, Probe (Chrono Boost)  
  21  1:30  Cybernetics Core  
  21  1:31  Probe  
  22  1:37  Pylon  
  22  1:43  Probe  
  23  1:58  Probe  
  24  2:06  Stalker x2  
  24  2:07  Warp Gate  
  28  2:18  Pylon  
  28  2:26  Stargate  
  28  2:29  Probe  
  29  2:39  Stalker  
  31  2:44  Stalker  
  31  2:47  Probe  
  34  3:09  Phoenix (Chrono Boost)  
  35  3:22  Nexus  
  35  3:28  Phoenix  
  37  3:36  Pylon  
  37  3:39  Probe  
  38  3:51  Probe  
  38  3:53  Phoenix (Chrono Boost)  
  41  4:03  Probe (Chrono Boost)  
  41  4:09  Phoenix  
  42  4:14  Pylon  
  42  4:15  Probe (Chrono Boost)  
  45  4:24  Probe (Chrono Boost)  
  46  4:31  Robotics Facility  
  46  4:34  Probe  
  46  4:35  Probe  
  48  4:38  Phoenix  
  50  4:47  Probe (Chrono Boost)  
  50  4:50  Probe (Chrono Boost)  
  52  4:58  Probe (Chrono Boost)  
  54  5:02  Probe (Chrono Boost)  
  54  5:03  Phoenix, Probe (Chrono Boost)  
  57  5:11  Probe  
  57  5:13  Assimilator, Probe  
  59  5:14  Assimilator  
  59  5:17  Shield Battery  
  59  5:20  Immortal (Chrono Boost)  
  63  5:28  Phoenix  
  63  5:29  Probe  
  63  5:30  Probe  
  67  5:41  Probe, Pylon  
  68  5:46  Probe  
  69  5:51  Observer (Chrono Boost)  
  70  5:57  Nexus  
  70  6:00  Pylon  
  70  6:01  Probe x2  
  70  6:03  Sentry  
  74  6:13  Immortal (Chrono Boost)  
  78  6:18  Probe x2  
  78  6:20  Shield Battery  
  80  6:25  Sentry  
  80  6:30  Probe x2  
  80  6:31  Phoenix  
  86  6:41  Forge  
  86  6:44  Pylon  
  86  6:57  Pylon  
  86  6:59  Immortal (Chrono Boost)  
  86  7:04  Probe x2 (Chrono Boost)  
  86  7:07  Gateway  
  92  7:08  Gateway  
  92  7:10  Probe (Chrono Boost)  
  95  7:15  Protoss Ground Weapons Level 1 (Chrono Boost)  
  95  7:17  Phoenix  
  95  7:19  Probe x3 (Chrono Boost)  
  98  7:26  Probe  
  99  7:30  Probe x2  
  99  7:31  Immortal (Chrono Boost)  
  99  7:35  Twilight Council  
  105  7:38  Probe  
  106  7:45  Probe x2  
  106  7:50  Probe  
  109  7:52  Nexus  
  109  7:57  Probe  
  110  8:02  Assimilator  
  110  8:04  Assimilator  
  110  8:07  Immortal (Chrono Boost)  
  110  8:08  Pylon  
  110  8:12  Templar Archives, Charge  
  114  8:16  Shield Battery  
  114  8:18  Probe x2, Pylon  
  116  8:26  Zealot x3  
  121  8:28  Sentry  
  120  8:36  Probe  
  113  8:42  Immortal (Chrono Boost)  
  113  8:47  Zealot x3  
  111  8:52  Probe x3  
  113  9:04  Probe x3  
  116  9:10  High Templar x4  
  116  9:15  Archon x2  
  116  9:16  Probe  
  125  9:19  Pylon  
  125  9:21  Probe x2  
  125  9:27  Pylon  
  125  9:29  Pylon  
  125  9:35  Probe x2  
  125  9:37  Probe  
  126  9:47  Zealot  
  126  9:48  Zealot x3, Probe x2  
  126  9:49  Probe  
  115  10:00  Probe  
  115  10:04  Probe  
  92  10:08  Zealot  
  92  10:09  Zealot x3  
Show
View Real Time Build Order
Export as new Build Order

MaNa Protoss - Winner!

Build Orders: Phoenix Opening 

Get SALT Encoding   

  12  0:00  Probe  
  13  0:12  Probe  
  14  0:18  Pylon  
  14  0:24  Probe (Chrono Boost)  
  15  0:36  Probe (Chrono Boost)  
  15  0:38  Gateway  
  16  0:45  Probe (Chrono Boost)  
  16  0:48  Assimilator  
  17  0:51  Probe  
  18  1:03  Probe (Chrono Boost)  
  19  1:04  Assimilator  
  20  1:12  Gateway, Probe (Chrono Boost)  
  20  1:17  Probe (Chrono Boost)  
  21  1:27  Cybernetics Core  
  21  1:29  Probe  
  22  1:39  Pylon  
  22  1:41  Probe  
  23  1:57  Probe  
  24  2:04  Stalker x2  
  24  2:05  Warp Gate  
  28  2:09  Probe  
  29  2:18  Pylon  
  29  2:27  Probe  
  29  2:29  Pylon  
  30  2:35  Sentry x2  
  34  2:40  Probe  
  35  2:55  Nexus  
  35  2:58  Shield Battery  
  35  3:01  Sentry  
  38  3:05  Phoenix  
  38  3:11  Pylon  
  38  3:15  Stalker  
  38  3:24  Robotics Facility  
  38  3:26  Probe  
  39  3:39  Probe  
  40  3:51  Probe (Chrono Boost)  
  41  3:58  Stalker x2  
  46  4:03  Probe (Chrono Boost)  
  46  4:04  Twilight Council  
  47  4:11  Observer (Chrono Boost), Probe (Chrono Boost)  
  47  4:12  Probe (Chrono Boost)  
  49  4:19  Probe (Chrono Boost)  
  49  4:22  Probe (Chrono Boost)  
  51  4:24  Probe (Chrono Boost)  
  51  4:29  Stalker x2  
  57  4:32  Probe (Chrono Boost)  
  57  4:34  Probe (Chrono Boost)  
  58  4:44  Probe (Chrono Boost)  
  58  4:45  Probe (Chrono Boost)  
  60  4:49  Blink (Chrono Boost)  
  60  4:51  Probe  
  61  4:53  Probe  
  61  4:54  Gateway  
  62  5:06  Pylon  
  62  5:10  Nexus  
  62  5:17  Forge  
  62  5:22  Pylon  
  62  5:24  Probe  
  62  5:25  Stalker  
  63  5:30  Stalker  
  63  5:32  Probe  
  66  5:36  Probe  
  67  5:43  Protoss Ground Weapons Level 1 (Chrono Boost)  
  67  5:44  Probe  
  67  5:46  Pylon  
  67  5:48  Probe  
  69  5:56  Stalker x2, Probe  
  74  6:00  Probe  
  75  6:04  Assimilator  
  75  6:08  Gateway, Probe  
  75  6:09  Gateway  
  76  6:13  Probe  
  77  6:20  Probe  
  77  6:21  Stalker  
  77  6:24  Probe  
  77  6:25  Probe  
  81  6:32  Probe  
  82  6:33  Pylon  
  82  6:36  Probe, Charge (Chrono Boost)  
  82  6:37  Probe  
  84  6:42  Gateway  
  84  6:43  Gateway  
  84  6:44  Observer (Chrono Boost), Probe  
  86  6:48  Probe  
  86  6:49  Gateway, Probe  
  86  6:53  Gateway  
  88  6:56  Probe  
  88  7:00  Probe  
  88  7:01  Probe  
  91  7:06  Nexus  
  91  7:08  Probe  
  91  7:09  Warp Prism  
  91  7:13  Probe x2  
  96  7:18  Pylon  
  96  7:19  Stalker  
  96  7:20  Protoss Ground Weapons Level 2 (Chrono Boost), Probe  
  99  7:24  Pylon  
  99  7:26  Probe  
  100  7:38  Assimilator x2  
  100  7:39  Pylon  
  100  7:41  Probe  
  100  7:42  Probe  
  102  7:48  Zealot x6  
  114  7:51  Pylon  
  114  8:05  Templar Archives  
  114  8:06  Pylon  
  114  8:10  Stalker x2  
  118  8:14  Zealot x5  
  118  8:17  Probe  
  118  8:18  Probe  
  118  8:19  Probe x2  
  132  8:35  Stalker x4  
  132  8:36  Zealot, Stalker  
  138  8:47  Warp Prism (Chrono Boost)  
  136  8:58  High Templar  
  136  8:59  High Templar x3, Zealot x5  
  150  9:03  Archon x2  
  150  9:06  Photon Cannon  
  150  9:12  Probe x2  
  150  9:14  Gateway  
  152  9:18  Gateway  
  151  9:38  Probe x3  
  149  9:41  Zealot x9  
  156  10:01  Zealot x4  
  156  10:02  Zealot x3  
  160  10:12  Zealot x3  
Tags
 
Add a new tag
Caveats
  • Supply blocks, unpowered buildings, or Contaminate may cause inaccurate times.
  • Supply counts are checked every 10 seconds.